 Dungeon Crawl Stone Soup version 0.28-a0-938-gbc3f381ebc (webtiles) character file.

Game seed: 2771506609688593216

46 croobank the Chopper (level 3, -4/29 HPs)
             Began as a Human Monk on Nov 28, 2021.
             Slain by a scorpion (7 damage)
             ... on level 2 of the Dungeon.
             The game lasted 00:05:56 (1738 turns).

croobank the Chopper (Human Monk)                   Turns: 1738, Time: 00:05:57

Health: -4/29      AC:  7    Str: 12    XL:     3   Next: 92%
Magic:  3/3        EV: 13    Int: 10    God:
Gold:   57         SH:  0    Dex: 15    Spells: 2/2 levels left

rFire   . . .      SeeInvis .   a - +0 hand axe
rCold   . . .      Faith    .   (no shield)
rNeg    . . .      Spirit   .   n - +0 robe
rPois   .          Reflect  .   p - +0 helmet
rElec   .          Harm     .   (no cloak)
rCorr   .          Rampage  .   (no gloves)
Will    .....                   (no boots)
Stlth   ++........              (no amulet)
HPRegen 0.09/turn               i - +4 ring of protection
MPRegen 0.08/turn               (no ring)

@: no status effects
A: no striking features
a: no special abilities


You were on level 2 of the Dungeon.
You visited 1 branch of the dungeon, and saw 2 of its levels.

You collected 57 gold pieces.

Inventory:

Hand Weapons
 a - a +0 hand axe (weapon)
 b - a +0 hunting sling
 l - a +0 dagger of freezing
Missiles
 d - 30 sling bullets
 h - 4 boomerangs (quivered)
 j - 62 stones
Armour
 c - a +0 ring mail
 g - a +0 leather armour
 n - a +0 robe (worn)
 p - a +0 helmet (worn)
Jewellery
 i - a +4 ring of protection (left hand)
Scrolls
 e - a scroll of enchant armour {unknown}
 f - a scroll of vulnerability {unknown}
 m - a scroll of identify {unknown}
 r - a scroll of fear {unknown}
Potions
 k - a potion of heal wounds {unknown}
 o - a potion of lignification {unknown}
 q - a potion of attraction {unknown}


   Skills:
 + Level 3.3 Fighting
 + Level 3.6 Axes
 + Level 3.3 Dodging
 + Level 2.5 Stealth


You had 2 spell levels left.
You didn't know any spells.
Your spell library was empty.

Dungeon Overview and Level Annotations

Branches:
Dungeon (2/15)

Altars:


Message History

The scorpion stings you. The scorpion barely misses you.
You closely miss the scorpion.
The scorpion stings you but does no damage.
You hit the scorpion.
The scorpion is moderately wounded.
The scorpion stings you!
You are poisoned.
The scorpion poisons you!
You hit the scorpion.
The scorpion is heavily wounded.
You feel sick. The scorpion barely misses you.
The scorpion stings you but does no damage.
You hit the scorpion but do no damage.
The scorpion is heavily wounded.
You feel sick. The scorpion misses you.
You hit the scorpion.
The scorpion is severely wounded.
You feel sick.
The scorpion stings you but does no damage.
You hit the scorpion.
The scorpion is severely wounded.
You feel sick. The scorpion closely misses you. The scorpion misses you.
You closely miss the scorpion.
The scorpion is severely wounded.
You feel sick. The scorpion stings you!
* * * LOW HITPOINT WARNING * * *
You completely miss the scorpion.
The scorpion is severely wounded.
You feel sick.
You are no longer poisoned.
The scorpion barely misses you.
You hit the scorpion but do no damage.
The scorpion is severely wounded.
The scorpion stings you.
* * * LOW HITPOINT WARNING * * *
The scorpion misses you.
You barely miss the scorpion.
The scorpion is severely wounded.
The scorpion stings you!
You die...

##.#.# #.#.#.#..)..#..#
.# #....
.#.#.###.#.#..#######.#
.# #.###
.#.......#.#..# .# .#
#.### ...........#..#
.# #.#..
.######.##.#..# ..
.###.... .# #.#...#.#
.. #.>......
.######..#...##
####.....
#.......###...######+.#
#..... .#####.##
##....@s....# #..... .#
##†###.####.#...##
##.... ## #..#.## #.#
?## ##..) # #.#^## #.#
# ##.. # #.### $.# #...
# #.# ### #.## # #.#
#.# ##### #.# #.# ....#
#.# #.#


You could see a scorpion.

Vanquished Creatures
  4 ball pythons
  4 bats (D:2)
  7 endoplasms
  A giant cockroach (D:2)
  5 goblins
  4 hobgoblins
  A quokka (D:1)
  A frilled lizard (D:1)
  5 kobolds (D:1)
  8 rats
40 creatures vanquished.

Notes
Turn   | Place    | Note
-------+----------+-------------------------------------------
     0 | D:1      | croobank the Human Monk began the quest for the Orb.
     0 | D:1      | Reached XP level 1. HP: 18/18 MP: 1/1
   215 | D:1      | Reached XP level 2. HP: 24/24 MP: 2/2
   542 | D:1      | Reached XP level 3. HP: 23/29 MP: 3/3
  1723 | D:2      | Noticed a scorpion
  1738 | D:2      | Slain by a scorpion

Illustrated notes

Levels and vault maps discovered:
D:1:      evilmike_arrival_plus, layout_loops_ring, minmay_tiny_reverse_x
D:2:      layout_loops_ring, minmay_3d_cube, uniq_sigmund

Action                   || total
-------------------------++-------
Melee: Hand axe          ||   140
 Stab: Sleeping          ||    10
Armor: Robe              ||    44
Dodge: Dodged            ||    89

Table legend: (Time is in decaauts)
 A = Elapsed time spent in this place.
 B = Non-inter-level travel time spent in this place.
 C = Inter-level travel time spent in this place.
 D = Time resting spent in this place.
 E = Time spent auto-exploring this place.
 F = Levels seen in this place.
 G = Mean time per level.
                   A        B        C        D        E       F      G
               +--------+--------+--------+--------+--------+-----+--------+
         Total |   1755 |   1745 |     10 |    265 |   1023 |   2 |  877.5 |
       Dungeon |   1755 |   1745 |     10 |    265 |   1023 |   2 |  877.5 |
               +--------+--------+--------+--------+--------+-----+--------+

Top non-repeatable levels by time:
     D:1: 1200 daAuts
     D:2: 554 daAuts
